 Dungeon Crawl Stone Soup version 0.13.0-18-g7b03ea5 (webtiles) character file.

180 Lilouch the Covered (level 4, -3/28 HPs)
             Began as a Gargoyle Fighter on Oct 22, 2013.
             Slain by Crazy Yiuf
             ... wielding a +2,+4 quarterstaff of chaos
              (5 damage)
             ... on Level 1 of the Dungeon.
             The game lasted 00:05:24 (1469 turns).

Lilouch the Covered (Gargoyle Fighter)              Turns: 1469, Time: 00:05:24

HP  -3/28        AC 13     Str 21      XL: 4   Next: 54%
MP   3/3         EV  5     Int  8      God:
Gold 92          SH 19     Dex  9      Spells:  0 memorised,  3 levels left

Res.Fire  : . . .   See Invis. : .   h - -2,-1 mace (curse)
Res.Cold  : . . .   Warding    : .   k - +0 chain mail
Life Prot.: + . .   Conserve   : .   c - +0 shield
Res.Poison: +       Res.Corr.  : .   (no helmet)
Res.Elec. : +       Clarity    : .   (no cloak)
Sust.Abil.: . .     Spirit.Shd : .   (no gloves)
Res.Mut.  : .       Stasis     : .   (no boots)
Res.Rott. : +       Flight     : .   (no amulet)
Saprovore : . . .                    (no ring)
                                     (no ring)

@: very slightly contaminated, slightly resistant to hostile enchantments,
extremely unstealthy
A: fangs 1, talons 2, life protection 1, electricity resistance, slow metabolism
1, unbreathing, petrification resistance, AC +3
a: no special abilities


You were on level 1 of the Dungeon.
You were hungry.

You visited 1 branch of the dungeon, and saw 2 of its levels.

You collected 72 gold pieces.

Inventory:

Hand weapons
 h - a cursed -2,-1 mace (weapon)
Missiles
 a - 34 poisoned needles
Armour
 c - a +0 shield (worn)
 k - a +0 chain mail (worn)
Comestibles
 d - 3 bread rations
 i - 16 sultanas
 j - a pear
Scrolls
 b - a scroll of remove curse {unknown}
 g - 2 scrolls of identify {unknown}
 o - a scroll of amnesia {unknown}
Potions
 e - 3 potions of curing {unknown}
 f - a potion of speed {unknown}
 l - a potion of might {unknown}
 n - a potion of agility {unknown}
 p - a potion of restore abilities {unknown}


   Skills:
 - Level 3.2 Fighting
 * Level 3.6 Maces & Flails
 + Level 4.1 Armour
 + Level 4.1 Shields


You had 3 spell levels left.
You didn't know any spells.

Dungeon Overview and Level Annotations

Branches:
Dungeon (2/27)

Altars:

Annotations:
D:1 Crazy Yiuf


Innate Abilities, Weirdness & Mutations

You are resistant to torment.
You are immune to poison.
Your stone body is very resilient (AC +3).
You have very sharp teeth.
You have razor-sharp toenails.
You resist negative energy.
You are resistant to electric shocks.
You have a slow metabolism.
You can survive without breathing.
You are immune to petrification.


Message History

You block Crazy Yiuf's attack.
You hit Crazy Yiuf. You claw Crazy Yiuf. You bite Crazy Yiuf, but do no damage.
Crazy Yiuf is severely wounded.
You block Crazy Yiuf's attack.
You hit Crazy Yiuf.
Crazy Yiuf is almost dead.
Crazy Yiuf drinks a potion.
Crazy Yiuf is healed!
You hit Crazy Yiuf. Your kick misses Crazy Yiuf.
Crazy Yiuf is severely wounded.
Crazy Yiuf barely misses you.
Crazy Yiuf grits, "Cards action illywillydillykilly!"
You block Crazy Yiuf's attack.
You barely miss Crazy Yiuf.
Crazy Yiuf is severely wounded.
You block Crazy Yiuf's attack.
You hit Crazy Yiuf.
Crazy Yiuf is almost dead.
Crazy Yiuf cries, "Gum forty-two turtle!"
Crazy Yiuf hits you with a quarterstaff of chaos.
You die...

#.#.>.#.##.##
####.#...#.##.##
#####.....###.###.##
#....#.###....# #%##
#.###.#######.###...
#....###.......###.)
##.###.##..........##
#.#...#.........#.#..
#.#.@.#.........#.#.>
#.#.g.#.%.......#.#..
##.###.#........##.##
##...##......(.###..
#..######.###...###.
#.## #.###.#.# #.
##########.#
##...##.# #. #
#.......##.###
######.# #.
#####.#####......#
#......###.


You could see Crazy Yiuf.

Vanquished Creatures
  4 adders (D:2)
  2 giant geckos (D:1)
  An ooze (D:1)
  7 bats
  A hobgoblin (D:1)
  6 jackals (D:2)
  5 kobolds
  3 ball pythons
  2 giant cockroaches (D:1)
  2 giant newts
  8 goblins
  10 rats
51 creatures vanquished.

Notes
Turn   | Place    | Note
--------------------------------------------------------------
     0 | D:1      | Lilouch, the Gargoyle Fighter, began the quest for the Orb.
     0 | D:1      | Reached XP level 1. HP: 14/14 MP: 0/0
   108 | D:1      | Reached XP level 2. HP: 16/19 MP: 1/1
   331 | D:1      | Reached XP level 3. HP: 22/24 MP: 2/2
   882 | D:2      | Reached skill level 4 in Shields
  1016 | D:2      | Reached XP level 4. HP: 28/28 MP: 3/3
  1407 | D:2      | Noticed Crazy Yiuf
  1410 | D:2      | Paralysed by Crazy Yiuf for 2 turns
  1412 | D:2      | HP: 1/28 [Crazy Yiuf/quarterstaff of chaos (2)]
  1463 | D:1      | HP: 1/28 [Crazy Yiuf/quarterstaff of chaos (1)]
  1469 | D:1      | Slain by Crazy Yiuf

Action                   |  1- 3 |  4- 6 || total
-------------------------+-------+-------++-------
Melee: Mace              |    94 |    49 ||   143
